[Event "Early-Titled-Tuesday-Blitz-June-18-2024"]
[Site "Chess.com"]
[Date "2024.06.18"]
[Round "3"]
[White "Angry_Twin"]
[Black "ValentinDragnev"]
[Result "1-0"]
[WhiteElo "2919"]
[BlackElo "2702"]
[TimeControl "180+1"]
[EndTime "8:28:41 PDT"]
[Termination "Angry_Twin won by resignation"]

1. e4 e5 2. Nf3 Nc6 3. Bc4 Bc5 4. O-O Nf6 5. d3 d6 6. c3 a6 7. a4 Ba7 8. Re1 h6 9. Nbd2 O-O 10. h3 Nh7 11. Nf1 Be6 12. Ng3 Bxc4 13. dxc4 Qd7 14. Nf5 Ne7 15. Nxe5 Qe6 16. Nxe7+ Qxe7 17. Nf3 Rae8 18.
Be3 Bxe3 19. Rxe3 a5 20. e5 Qd7 21. Qd4 Re6 22. c5 Qc6 23. exd6 cxd6 24. Rxe6 fxe6 25. Qxd6 Qe4 26. Qd4 Qc2 27. b4 Nf6 28. Re1 Nd5 29.
bxa5 Nxc3 30. Kh2 Nxa4 31. Rxe6 Nxc5 32. Re7 Rf7 33. Qd8+ Rf8 34. Qd5+ Kh7 35. Qe5 Rg8 36. Rc7 1-0

[Event "Early-Titled-Tuesday-Blitz-June-18-2024"]
[Site "Chess.com"]
[Date "2024.06.18"]
[Round "3"]
[White "Mikhail_Golubev"]
[Black "the_chess_child"]
[Result "0-1"]
[WhiteElo "2650"]
[BlackElo "2879"]
[TimeControl "180+1"]
[EndTime "8:28:42 PDT"]
[Termination "the_chess_child won by resignation"]

1. e4 c5 2. Nf3 e6 3. d4 cxd4 4. Nxd4 Nf6 5. Nc3 Nc6 6. a3 d6 7. Be3 Be7 8. Bc4 O-O 9. O-O a6 10. f4 Nxd4 11. Bxd4 b5 12. Bb3 Bb7 13. Qe1 Rc8 14. Rd1 Qc7 15. Qg3 Nh5 16. Qh3 Nf6 17. e5 dxe5 18. fxe5 Ne4 19. Nxe4 Bxe4 20. c3 Qc6 21. Be3 Rcd8 22. Qg3 a5 23. Bh6 Bc5+ 24. Kh1 Bg6 25. Bg5 Rxd1 26. Rxd1 a4 27. Ba2 Qe4 28.
Qe1 Qg4 29. Be3 Bxe3 0-1

[Event "Early-Titled-Tuesday-Blitz-June-18-2024"]
[Site "Chess.com"]
[Date "2024.06.18"]
[Round "3"]
[White "KhBegmuratov"]
[Black "FerAsensio2024"]
[Result "1-0"]
[WhiteElo "2925"]
[BlackElo "2537"]
[TimeControl "180+1"]
[EndTime "8:28:43 PDT"]
[Termination "KhBegmuratov won by resignation"]

1. e4 c6 2. d4 d5 3. exd5 cxd5 4. Bd3 Nc6 5. c3 Nf6 6. Nf3 g6 7. h3 Bf5 8. O-O Bg7 9. Re1 O-O 10. Bxf5 gxf5 11. Bf4 e6 12. Ne5 Nd7 13. Nd3 Qb6 14.
Nd2 Rfc8 15. Kh1 Na5 16. Nf3 Nc4 17. Qe2 a5 18. a4 Qa6 19. Rg1 Nxb2 20. Qxb2 Qxd3 21.
Qxb7 Rd8 22. Bc7 Rdc8 23. Bxa5 Qa6 24. Qxa6 Rxa6 25. Bb4 Bf8 26. a5 Rca8 27. Rab1 Nb8 28. Bxf8 Kxf8 29. Rb7 Nc6 30. Rgb1 Rxa5 31. Rc7 R8a6 32.
Ng5 Kg7 33. Nxe6+ Kf6 34. Nc5 Ra1 35. Rxa1 Rxa1+ 36. Kh2 Ne7 37. Nd7+ Ke6 38. Nf8+ Kd6 39. Rd7+ Kc6 40. Rxe7 Re1 41. Rxe1 1-0

[Event "Early-Titled-Tuesday-Blitz-June-18-2024"]
[Site "Chess.com"]
[Date "2024.06.18"]
[Round "3"]
[White "komogro"]
[Black "ChessLover0108"]
[Result "0-1"]
[WhiteElo "2537"]
[BlackElo "2906"]
[TimeControl "180+1"]
[EndTime "8:28:43 PDT"]
[Termination "ChessLover0108 won by resignation"]

1. Nf3 c5 2. g3 Nc6 3. Bg2 g6 4.
O-O Bg7 5. c3 d5 6. d3 e6 7.
Nbd2 Nge7 8. e4 O-O 9. Re1 Qc7 10. a4 b6 11. Nf1 Ba6 12. Qc2 Rad8 13. Bf4 e5 14. Bg5 f6 15. Be3 dxe4 16. dxe4 Bd3 17. Qb3+ Kh8 18. N1d2 Na5 19. Qe6 c4 20. h4 h6 21. h5 f5 22. Ng5 hxg5 23. Bxg5 Nac6 24. Nxc4 Qd7 25. Qxd7 Rxd7 26. Rad1 Rfd8 27. h6 Bxc4 28. Rxd7 Rxd7 29. hxg7+ Kxg7 30. exf5 gxf5 31. Bxe7 Nxe7 32.
Rxe5 Kf6 33. Re3 Rd1+ 34. Kh2 Rd2 35. Rf3 Rxb2 36. g4 Be2 0-1

[Event "Early-Titled-Tuesday-Blitz-June-18-2024"]
[Site "Chess.com"]
[Date "2024.06.18"]
[Round "3"]
[White "Nechitaylo_Nikita"]
[Black "Martial2008"]
[Result "0-1"]
[WhiteElo "2329"]
[BlackElo "2631"]
[TimeControl "180+1"]
[EndTime "8:28:44 PDT"]
[Termination "Martial2008 won on time"]

1. d4 Nf6 2. c4 e6 3. Nc3 Bb4 4. e3 O-O 5. Bd2 c5 6. a3 Bxc3 7. Bxc3 Ne4 8. Ne2 b6 9. g3 Bb7 10. d5 b5 11. b3 Nxc3 12. Nxc3 Qa5 13. Qd2 exd5 14. Bg2 bxc4 15. bxc4 Nc6 16. Nxd5 Qxd2+ 17. Kxd2 Rab8 18. Kc3 Rfe8 19. Rhd1 Ne5 20. f4 Ng4 21. e4 Bxd5 22. exd5 d6 23. Re1 g6 24. Bh3 Nf2 25. Bd7 Rxe1 26. Rxe1 Rd8 27. Bc6 Kf8 28. Re2 Ng4 29.
h3 Nf6 30. g4 h6 31. g5 hxg5 32. fxg5 Nh5 33. Re4 Rb8 34. Kc2 Ng7 35. h4 Nf5 36. Rf4 Nd4+ 37. Kd3 Rb3+ 38. Ke4 Nf5 39. Rxf5 gxf5+ 40. Kxf5 Rf3+ 41. Kg4 Rc3 0-1

[Event "Early-Titled-Tuesday-Blitz-June-18-2024"]
[Site "Chess.com"]
[Date "2024.06.18"]
[Round "3"]
[White "Weifd"]
[Black "Emp3rador"]
[Result "0-1"]
[WhiteElo "2406"]
[BlackElo "2624"]
[TimeControl "180+1"]
[EndTime "8:28:46 PDT"]
[Termination "Emp3rador won by resignation"]

1. e4 e6 2. d4 d5 3. Nd2 dxe4 4.
Nxe4 Nd7 5. Nf3 Ngf6 6. Bd3 Nxe4 7. Bxe4 Nf6 8. Bd3 b6 9. O-O Bb7 10. c3 Be7 11. Bg5 O-O 12. Qe2 c5 13. Rfd1 Qc7 14.
Bxf6 Bxf6 15. Be4 Rad8 16. Bxb7 Qxb7 17. dxc5 bxc5 18. h3 h6 19. Rab1 Rd5 20. c4 Rxd1+ 21. Qxd1 Qe4 22. b3 Rd8 23. Qe1 Qc2 24. a3 Qa2 25.
Qc1 Rd3 26. b4 Rc3 27. Qe1 Qxc4 28. bxc5 Qxc5 29. Qe4 g6 30. a4 Rc2 31. Rf1 Rc4 32. Qa8+ Kg7 33. Qe8 Qc6 34. Qxc6 Rxc6 35. Rb1 Rc4 36. a5 Rc5 37. a6 Rc6 0-1

[Event "Early-Titled-Tuesday-Blitz-June-18-2024"]
[Site "Chess.com"]
[Date "2024.06.18"]
[Round "3"]
[White "maracayo"]
[Black "Fore_Man"]
[Result "0-1"]
[WhiteElo "2403"]
[BlackElo "2170"]
[TimeControl "180+1"]
[EndTime "8:28:46 PDT"]
[Termination "Fore_Man won by resignation"]

1. e4 Nc6 2. Nf3 d5 3. d3 dxe4 4.
dxe4 Qxd1+ 5. Kxd1 Bg4 6. Bd3 Ne5 7. Ke2 Nxf3 8. gxf3 Bh5 9. Bf4 O-O-O 10. Nd2 f6 11. a4 e5 12. Be3 a6 13. Nc4 Ne7 14.
b4 Nc6 15. c3 Nb8 16. Rhd1 Be7 17. b5 Rd7 18. Ba7 Rhd8 19. Nb2 axb5 20. axb5 b6 21. Ra4 Rd6 22. Rda1 Nd7 23. Nc4 Re6 24. Bc2 Nc5 25. R4a2 g5 26. Ne3 Bf8 27. Nd5 Kd7 28. Bxb6 cxb6 29.
Ra7+ Kd6 30. Nb4 Rd7 31. Ra8 Re8 32. Rxe8 Bxe8 33. Ra8 Ke7 34. Nd5+ Kf7 35. Nxb6 Rb7 36. Nc4 Bxb5 37. Bd3 Rd7 0-1

[Event "Early-Titled-Tuesday-Blitz-June-18-2024"]
[Site "Chess.com"]
[Date "2024.06.18"]
[Round "3"]
[White "TheBigBoss04"]
[Black "EvgenyBurmakin"]
[Result "1-0"]
[WhiteElo "2809"]
[BlackElo "2396"]
[TimeControl "180+1"]
[EndTime "8:28:47 PDT"]
[Termination "TheBigBoss04 won by resignation"]

1. Nf3 c5 2. e4 d6 3. Bc4 Nc6 4. d3 e6 5. O-O a6 6. a4 Nf6 7.
Re1 Be7 8. c3 O-O 9. Bb3 Bd7 10.
Nbd2 b5 11. d4 cxd4 12. cxd4 Nb4 13. e5 Nfd5 14. Ne4 dxe5 15. Nxe5 Be8 16. Nc5 Qc7 17. axb5 Bxc5 18. dxc5 Qxc5 19. bxa6 Bb5 20. Qg4 Nf6 21. Qg3 Rxa6 22. Rxa6 Bxa6 23. Bh6 Nh5 24. Qg4 Nd3 25. Nxd3 Bxd3 26. Be3 Qb4 27. Qxb4 1-0

[Event "Early-Titled-Tuesday-Blitz-June-18-2024"]
[Site "Chess.com"]
[Date "2024.06.18"]
[Round "3"]
[White "TheAlienParty"]
[Black "Schattman"]
[Result "1/2-1/2"]
[WhiteElo "2330"]
[BlackElo "2513"]
[TimeControl "180+1"]
[EndTime "8:28:47 PDT"]
[Termination "Game drawn by stalemate"]

1. c4 e6 2. Nf3 d5 3. e3 Nf6 4.
b3 Be7 5. Bb2 b6 6. Be2 Bb7 7.
O-O O-O 8. d3 c5 9. Nbd2 Nc6 10.
cxd5 Nxd5 11. d4 Bf6 12. e4 Nf4 13. e5 Be7 14. dxc5 Nxe2+ 15. Qxe2 Bxc5 16. Rad1 Qc8 17. Ne4 Ba6 18. Qc2 h6 19. Rfe1 Nb4 20. Qb1 Rd8 21.
a3 Bd3 22. Qc1 Bxe4 23. Rxd8+ Qxd8 24. Rxe4 Nd3 25. Qc2 Nxf2 26. Re2 Qd1+ 27. Qxd1 Nxd1+ 28. Kh1 Nxb2 29. Rxb2 Bxa3 30. Rd2 Rc8 31. h4 Rc7 32. g4 Be7 33. Kg2 Kf8 34. h5 Ke8 35. Kg3 Rc3 36.
Rb2 a5 37. Kf4 Bc5 38. g5 Be3+ 39. Kg4 Bxg5 40. Nxg5 hxg5 41. Kxg5 Ke7 42. b4 a4 43. b5 a3 44. Rb4 f6+ 45. exf6+ gxf6+ 46. Kg6 Rg3+ 47. Kh7 f5 48. h6 a2 49. Ra4 Kd6 50. Rxa2 Kc5 51. Kh8 f4 52. h7 e5 53. Rc2+ Kd5 54. Rd2+ Ke4 55. Rd4+ Kf5 56. Rxf4+ exf4 1/2-1/2

[Event "Early-Titled-Tuesday-Blitz-June-18-2024"]
[Site "Chess.com"]
[Date "2024.06.18"]
[Round "3"]
[White "Yeritsyaan"]
[Black "DeArron_Fox"]
[Result "1-0"]
[WhiteElo "2676"]
[BlackElo "2472"]
[TimeControl "180+1"]
[EndTime "8:28:48 PDT"]
[Termination "Yeritsyaan won by resignation"]

1. Nf3 d5 2. g3 Nf6 3. Bg2 e6 4. O-O Be7 5. b3 O-O 6. Bb2 b6 7. c4 Bb7 8. d3 c5 9. cxd5 Nxd5 10. a3 Nc6 11. Nbd2 Bf6 12. Qc2 Nd4 13. Nxd4 cxd4 14. Ne4 Rc8 15. Qd2 e5 16. Rac1 Qd7 17.
Rc4 Be7 18. Rfc1 h6 19. Qc2 f5 20. Nd2 b5 21. Rxc8 Rxc8 22. Qd1 Nc3 23. Bxc3 dxc3 24.
Nb1 Bxg2 25. Kxg2 b4 26. axb4 Bxb4 27. Qc2 a5 28. f3 Qd4 29. Nd2 cxd2 30. Qxc8+ Kh7 31.
Qxf5+ Kg8 32. Rc8+ 1-0

[Event "Early-Titled-Tuesday-Blitz-June-18-2024"]
[Site "Chess.com"]
[Date "2024.06.18"]
[Round "3"]
[White "ClauAmura"]
[Black "shirovin"]
[Result "0-1"]
[WhiteElo "2378"]
[BlackElo "2097"]
[TimeControl "180+1"]
[EndTime "8:28:48 PDT"]
[Termination "shirovin won by resignation"]

1. d4 f5 2. Bg5 g6 3. h4 h6 4. Bc1 Bg7 5. h5 g5 6. g4 d5 7. gxf5 Bxf5 8. Bh3 Qd7 9. Nc3 Nc6 10. e3 O-O-O 11. Nce2 Nf6 12. Ng3 Bxh3 13. Nxh3 e5 14. c3 Rhe8 15. Qd3 exd4 16. cxd4 Nb4 17. Qc3 Qb5 18.
a4 Qb6 19. Bd2 a5 20. O-O Ne4 21. Nxe4 Rxe4 22. f3 Rxd4 23. Kh2 Qd6+ 24. f4 Rxf4 25. exf4 Bxc3 26. bxc3 Nc6 27. Rae1 d4 28. c4 d3 29. Rf3 Nb4 30. Kh1 Qc6 0-1

[Event "Early-Titled-Tuesday-Blitz-June-18-2024"]
[Site "Chess.com"]
[Date "2024.06.18"]
[Round "3"]
[White "RamonManon0g"]
[Black "mangochessgo"]
[Result "0-1"]
[WhiteElo "2462"]
[BlackElo "2667"]
[TimeControl "180+1"]
[EndTime "8:28:51 PDT"]
[Termination "mangochessgo won by resignation"]

1. e4 Nf6 2. e5 Nd5 3. d4 d6 4.
Nf3 dxe5 5. Nxe5 c6 6. Bd3 Nd7 7. O-O g6 8. Qf3 Nxe5 9. dxe5 Bg7 10. Re1 O-O 11. Nd2 Nb4 12. Be4 Be6 13. c3 Nd5 14.
Nc4 b5 15. Ne3 Bxe5 16. Nxd5 cxd5 17. Bd3 Qc7 18. Bxb5 Bxh2+ 19. Kh1 Be5 20. Bh6 Rfb8 21. Qe2 Bg7 22. Bg5 a6 23. Ba4 d4 24. cxd4 Qa5 25. d5 Bxd5 26. Bf4 Qxa4 27. Bxb8 Rxb8 28. Qxe7 Qg4 29. f3 Bxf3 30. gxf3 Qxf3+ 31. Kh2 Rxb2+ 32. Re2 Rxe2+ 0-1

[Event "Early-Titled-Tuesday-Blitz-June-18-2024"]
[Site "Chess.com"]
[Date "2024.06.18"]
[Round "3"]
[White "Barboval"]
[Black "LuisFSiles"]
[Result "1-0"]
[WhiteElo "2532"]
[BlackElo "2327"]
[TimeControl "180+1"]
[EndTime "8:28:51 PDT"]
[Termination "Barboval won on time"]

1. d4 Nf6 2. Bg5 Ne4 3. Bh4 c5 4. f3 g5 5. fxe4 gxh4 6. e3 Nc6 7. c3 Bh6 8. Bc4 e6 9. Qf3 Qe7 10. Ne2 a6 11. a4 O-O 12. O-O Kh8 13. e5 d5 14.
exd6 Qxd6 15. Qf6+ Bg7 16. Qxh4 Bd7 17. Nd2 cxd4 18.
exd4 f5 19. Nf3 Bf6 20. Qh3 Rg8 21. Ng3 Be8 22. Rae1 Bf7 23. Nh5 Bxh5 24. Qxh5 Rg6 25. Bxe6 Nxd4 26. cxd4 Bxd4+ 27. Nxd4 Qxd4+ 28. Kh1 Re8 29.
Bxf5 Rxe1 30. Rxe1 1-0

[Event "Early-Titled-Tuesday-Blitz-June-18-2024"]
[Site "Chess.com"]
[Date "2024.06.18"]
[Round "3"]
[White "djano"]
[Black "lagedema"]
[Result "1-0"]
[WhiteElo "2637"]
[BlackElo "2433"]
[TimeControl "180+1"]
[EndTime "8:28:52 PDT"]
[Termination "djano won by resignation"]

1. e4 c5 2. Nc3 Nc6 3. Bb5 Nd4 4. Nf3 Nxb5 5. Nxb5 a6 6. Nc3 d6 7. d4 cxd4 8. Qxd4 Nf6 9. Bg5 e6 10. O-O-O Be7 11.
e5 dxe5 12. Qxe5 Qb6 13. Ne4 Nxe4 14. Bxe7 Kxe7 15. Qxe4 Bd7 16. Qg4 Qxf2 17. Qg5+ Ke8 18. Rhf1 Qb6 19. Ne5 f6 20. Nxd7 fxg5 21. Nxb6 Rd8 22.
Nc4 Ke7 23. Ne5 Rxd1+ 24. Kxd1 Rd8+ 25. Ke2 Rd5 26. Nd3 e5 27. Ke3 Ra5 28. a3 Ke6 29.
Rf8 Rd5 30. Re8+ Kf6 31. c4 Rd6 32. Nxe5 Rd1 33. Nd3 Rg1 34. Kf2 Rh1 35. h3 h5 36.
c5 Rd1 37. Ke2 Rg1 38. Ne1 g4 39. hxg4 h4 40. Rb8 Rh1 41. Rxb7 h3 42. gxh3 Rxh3 43.
c6 Rh2+ 44. Kd3 Rxb2 45. Rxb2 1-0

[Event "Early-Titled-Tuesday-Blitz-June-18-2024"]
[Site "Chess.com"]
[Date "2024.06.18"]
[Round "3"]
[White "DmitriiZakurdaev"]
[Black "xasid81"]
[Result "0-1"]
[WhiteElo "2365"]
[BlackElo "2619"]
[TimeControl "180+1"]
[EndTime "8:28:52 PDT"]
[Termination "xasid81 won by resignation"]

1. d4 d5 2. c4 e6 3. Nc3 Nf6 4. Nf3 c5 5. cxd5 Nxd5 6. e4 Nxc3 7. bxc3 cxd4 8. cxd4 Bb4+ 9. Bd2 Bxd2+ 10. Qxd2 O-O 11. Bc4 b6 12. O-O Bb7 13. Rad1 Bxe4 14. Ng5 Bd5 15.
Bd3 h6 16. Nh3 Nd7 17. Nf4 Nf6 18. Ba6 Qd7 19. Qe2 Rad8 20. Rc1 Qa4 21. Rfd1 Qxa2 22. Rd2 Qa3 23. Rc7 Qd6 24. Nxd5 Nxd5 25. Rxa7 Ra8 26. Rxa8 Rxa8 27. g3 Qb4 28. Bb7 Ra1+ 29. Kg2 Qb1 30. Bxd5 Qh1+ 31. Kh3 Qxd5 32. Qd3 Ra5 33. Rb2 Qf5+ 34.
Qxf5 Rxf5 35. f4 b5 36. Kg4 Rd5 37. Rb4 Kf8 38. Kf3 Ke7 39. Ke4 g6 40. Rb1 Kd7 41.
Ra1 Ke7 42. Ra7+ Rd7 43. Ra5 Rb7 44. Ra3 b4 45. Rb3 Kd6 46. g4 f5+ 47. gxf5 gxf5+ 48. Kd3 Kd5 49. h3 h5 50. h4 Rb8 51. Rb1 b3 52.
Kc3 b2 0-1

[Event "Early-Titled-Tuesday-Blitz-June-18-2024"]
[Site "Chess.com"]
[Date "2024.06.18"]
[Round "3"]
[White "GoltsevDmitry2000"]
[Black "Triumphmate"]
[Result "1-0"]
[WhiteElo "2710"]
[BlackElo "2492"]
[TimeControl "180+1"]
[EndTime "8:28:53 PDT"]
[Termination "GoltsevDmitry2000 won by resignation"]

1. e4 d5 2. exd5 Nf6 3. d4 Bg4 4. f3 Bf5 5. g4 Bg6 6. c4 h6 7.
Nc3 e6 8. dxe6 Nc6 9. Be3 Bb4 10.
d5 Bxc3+ 11. bxc3 Ne5 12. Bf4 Nexg4 13. fxg4 O-O 14. Bd3 Nxd5 15. Bxg6 fxg6 16. Qxd5 Qh4+ 17. Bg3 Qxg4 18. Ne2 c6 19. Qd2 Rad8 20. e7 Rxd2 21. exf8=Q+ Kxf8 22. Kxd2 Qxc4 23. Rhf1+ Kg8 24. Rf4 Qd5+ 25.
Rd4 Qe6 26. Nf4 Qf5 27. Nd3 b5 28. Re1 Kh7 29. Re7 Qg5+ 30. Re3 c5 31. Rd7 c4 32.
Be5 cxd3 33. Rxg7+ Kh8 34. Rxg6+ Qxe5 35. Rxe5 1-0

[Event "Early-Titled-Tuesday-Blitz-June-18-2024"]
[Site "Chess.com"]
[Date "2024.06.18"]
[Round "3"]
[White "gilbert_gm"]
[Black "KanalSzachowy"]
[Result "0-1"]
[WhiteElo "2855"]
[BlackElo "2367"]
[TimeControl "180+1"]
[EndTime "8:28:54 PDT"]
[Termination "KanalSzachowy won by resignation"]

1. e4 c5 2. h3 Nc6 3. Bb5 Nd4 4.
Be2 g6 5. Nf3 Bg7 6. Nxd4 cxd4 7. O-O d5 8. d3 dxe4 9. dxe4 e5 10. c3 Ne7 11. cxd4 exd4 12. Bd3 O-O 13. f4 Bd7 14. Nd2 Rc8 15. Nf3 Nc6 16. a3 Na5 17. f5 Nc4 18.
Qe2 Qb6 19. Kh1 Ne3 20. Bxe3 dxe3 21. Rab1 Rfe8 22. fxg6 hxg6 23. Ng5 Re7 24. Bc4 Bf6 25. Nxf7 Rxc4 26. Qxc4 Rxf7 27. e5 Be6 28. Qe4 Bg7 29. Qxg6 Bc4 30. Qxb6 axb6 31. Rfe1 e2 32. b3 Bd3 33.
Rbc1 Bxe5 34. Kg1 Bd4+ 35. Kh2 Rf1 36. Kg3 Bf2+ 0-1

[Event "Early-Titled-Tuesday-Blitz-June-18-2024"]
[Site "Chess.com"]
[Date "2024.06.18"]
[Round "3"]
[White "OparinGrigoriy"]
[Black "N18player"]
[Result "1-0"]
[WhiteElo "3057"]
[BlackElo "2545"]
[TimeControl "180+1"]
[EndTime "8:28:55 PDT"]
[Termination "OparinGrigoriy won by resignation"]

1. c4 e6 2. Nc3 d5 3. d4 h6 4. Nf3 Nf6 5. e3 a6 6. b3 b6 7. Bd3 Bb7 8. O-O Be7 9. Bb2 O-O 10. cxd5 exd5 11. Rc1 Nbd7 12. Ne2 Ne4 13. Ng3 Nxg3 14. hxg3 Nf6 15. Ne5 Bd6 16. Qe2 Qe7 17. Rc2 c5 18. Ng4 Ne4 19. dxc5 bxc5 20. Rd1 Rfd8 21. Nh2 Be5 22.
Bxe5 Qxe5 23. Bxe4 dxe4 24. Rcd2 Rxd2 25. Qxd2 a5 26. Ng4 Qe6 27. Qd7 Bc8 28. Qd8+ Kh7 29. Nh2 Bb7 30. Qc7 Bc8 31. Qxc5 a4 32. b4 Qxa2 33. Qc6 Qb3 34. Rc1 Be6 35. Qxe4+ g6 36. Qxa8 a3 37. Nf3 a2 38. Qa5 Qb1 39. Re1 Qb2 40. b5 Qb1 41. b6 Qb2 42. Nd4 Bd5 43.
Qxd5 a1=Q 44. Qxf7+ Kh8 45. Rxa1 Qxa1+ 46. Kh2 1-0

[Event "Early-Titled-Tuesday-Blitz-June-18-2024"]
[Site "Chess.com"]
[Date "2024.06.18"]
[Round "3"]
[White "Giantgoogachess"]
[Black "Sadykov_Ramil"]
[Result "1-0"]
[WhiteElo "2440"]
[BlackElo "2617"]
[TimeControl "180+1"]
[EndTime "8:28:55 PDT"]
[Termination "Giantgoogachess won by resignation"]

1. Nf3 Nf6 2. g3 b6 3. Bg2 Bb7 4. O-O c5 5. c4 g6 6. Nc3 Bg7 7. d3 O-O 8. e4 Nc6 9. Be3 Ng4 10.
Bg5 d6 11. h3 Nge5 12. Qd2 Nxf3+ 13. Bxf3 Nd4 14. Bg2 a6 15. h4 h5 16. Nd5 f6 17.
Be3 Nc6 18. Nf4 Kf7 19. e5 dxe5 20. Bd5+ Ke8 21. Ne6 Qd6 22. Nxg7+ Kd7 23. Ne6 Rfe8 24. a3 Na5 25. b4 Nb3 26. Qb2 Bxd5 27. cxd5 Nxa1 28.
bxc5 Qxd5 29. Qxb6 Reb8 30. c6+ Ke8 31. Nc7+ Kf7 32.
Nxd5 Rxb6 33. Nxb6 Rb8 34. c7 1-0

[Event "Early-Titled-Tuesday-Blitz-June-18-2024"]
[Site "Chess.com"]
[Date "2024.06.18"]
[Round "3"]
[White "Zavgorodniy_Sergiy"]
[Black "atbenina64"]
[Result "0-1"]
[WhiteElo "2597"]
[BlackElo "2834"]
[TimeControl "180+1"]
[EndTime "8:28:56 PDT"]
[Termination "atbenina64 won on time"]

1. e4 c5 2. Nf3 d6 3. Bc4 Nc6 4. O-O g6 5. h3 Bg7 6. c3 e5 7. b4 Nge7 8. Qb3 O-O 9. d3 a6 10. a4 Rb8 11. a5 b5 12. axb6 Qxb6 13. Ng5 Nd8 14. Be3 h6 15. Nf3 Qc7 16. Qa2 cxb4 17. cxb4 Ndc6 18. Nbd2 Nxb4 19. Qb3 d5 20. exd5 Nbxd5 21.
Qa3 Nxe3 22. fxe3 Nf5 23. Rae1 Qb6 24. Kh1 Ng3+ 25. Kh2 Nxf1+ 26. Rxf1 Qxe3 27. Qe7 Rb7 28. Qd6 Rb2 29. Qxg6 Qf4+ 30. Kh1 Kh8 31. Qd6 Rxd2 32. Nxd2 Qxd2 33. Bxf7 Qe2 0-1

[Event "Early-Titled-Tuesday-Blitz-June-18-2024"]
[Site "Chess.com"]
[Date "2024.06.18"]
[Round "3"]
[White "Defenstrator"]
[Black "biostatistician"]
[Result "0-1"]
[WhiteElo "2395"]
[BlackElo "2623"]
[TimeControl "180+1"]
[EndTime "8:28:56 PDT"]
[Termination "biostatistician won on time"]

1. Nf3 Nf6 2. g3 b6 3. Bg2 Bb7 4. O-O g6 5. c4 Bg7 6. Nc3 O-O 7.
d4 Ne4 8. Nxe4 Bxe4 9. Bf4 c5 10. Rc1 cxd4 11. Bxb8 Bxf3 12. Bxf3 Rxb8 13. Qa4 Qc7 14. b4 a5 15. a3 d6 16. Rc2 Rfd8 17. Rfc1 Qd7 18. Bc6 Qa7 19. Bd5 e6 20. Bf3 Bh6 21.
Rd1 Bg7 22. h4 Rdc8 23. h5 Rc7 24. hxg6 hxg6 25. Kg2 Rbc8 26. Qb5 axb4 27. axb4 d5 28. Rdc1 Bh6 29. Rd1 Rxc4 30. Rxc4 Rxc4 31. Qe8+ Kg7 32.
Rh1 Qc7 33. Rxh6 Kxh6 34. Qh8+ Kg5 35. Qh4+ Kf5 36. Qg4+ Kf6 37. Qh4+ Kg7 0-1

[Event "Early-Titled-Tuesday-Blitz-June-18-2024"]
[Site "Chess.com"]
[Date "2024.06.18"]
[Round "3"]
[White "Bkmzzzzz"]
[Black "marcocordeiro2013"]
[Result "1-0"]
[WhiteElo "2372"]
[BlackElo "1962"]
[TimeControl "180+1"]
[EndTime "8:28:56 PDT"]
[Termination "Bkmzzzzz won on time"]

1. e4 c5 2. Nf3 Nc6 3. Bb5 Qb6 4. Nc3 e6 5. O-O a6 6. Bxc6 Qxc6 7. d3 Nf6 8. b3 Be7 9. Bb2 d5 10. exd5 exd5 11. d4 O-O 12. h3 c4 13. Ne5 Qc7 14.
Qf3 Be6 15. Rfe1 b5 16. a3 Rad8 17. Rad1 cxb3 18. cxb3 Bd6 19. Rc1 Qb6 20. Ne2 Ne4 21.
Nf4 Bxe5 22. dxe5 Rc8 23. b4 Nd2 24. Qd3 Nc4 25. Bd4 Qd8 26. Bc5 Re8 27. Rcd1 Nb2 28.
Qg3 Nxd1 29. Rxd1 Qd7 30. Nh5 1-0

[Event "Early-Titled-Tuesday-Blitz-June-18-2024"]
[Site "Chess.com"]
[Date "2024.06.18"]
[Round "3"]
[White "Masterisback04"]
[Black "milovichalex"]
[Result "0-1"]
[WhiteElo "2117"]
[BlackElo "2416"]
[TimeControl "180+1"]
[EndTime "8:28:58 PDT"]
[Termination "milovichalex won on time"]

1. e4 e5 2. f4 d5 3. Nf3 dxe4 4. Nxe5 Nd7 5. d4 Nxe5 6. fxe5 Ne7 7. Bc4 Be6 8. Bxe6 fxe6 9. Nc3 Nf5 10. Qg4 Qxd4 11. Qxe4 O-O-O 12. Bg5 Be7 13. Bxe7 Qd2+ 14. Kf1 Nxe7 15.
h3 Nf5 16. Kg1 Ne3 17. Kh2 Rhf8 18. Rae1 Nxg2 19. Qxg2 Rf2 20. Re2 Qf4+ 21. Kg1 Rxg2+ 22. Kxg2 Rd2 23. Re1 b5 24. Rxd2 Qxd2+ 25. Re2 Qd4 26. a3 a5 27. Kf1 b4 28. axb4 axb4 29. Ne4 Qxe5 30. c3 b3 31. Ke1 Qf5 32. Kd2 Qxh3 33. Re3 Qg2+ 34. Kd3 Qc2+ 35. Kc4 Qxb2 36. Nc5 Qd2 37.
Rxe6 Kd8 0-1

[Event "Early-Titled-Tuesday-Blitz-June-18-2024"]
[Site "Chess.com"]
[Date "2024.06.18"]
[Round "3"]
[White "IndianSchoolOfSuffering"]
[Black "SALVA-DALI"]
[Result "1/2-1/2"]
[WhiteElo "2509"]
[BlackElo "2763"]
[TimeControl "180+1"]
[EndTime "8:28:59 PDT"]
[Termination "Game drawn by repetition"]

1. e4 c5 2. Nf3 Nc6 3. Bb5 e5 4. d3 d6 5. O-O Ne7 6. h3 g6 7. c3 Bg7 8. a4 O-O 9. Ne1 h6 10. f4 f5 11. fxe5 Nxe5 12. d4 N5c6 13. dxc5 dxc5 14. Qxd8 Rxd8 15. Be3 b6 16. Nd2 Ne5 17.
exf5 Nxf5 18. Bf4 Bb7 19. Nef3 Nxf3+ 20. Nxf3 Kh7 21. Rad1 a6 22. Bc4 Bxf3 23. gxf3 g5 24. Bc7 Rdc8 25. Bxb6 Ne3 26. Bd3+ Kh8 27. Rde1 Nxf1 28.
Kxf1 a5 29. Bb5 Bf8 30. Re6 Rcb8 31. Bc7 Rc8 32. Be5+ Kg8 33. Bc4 Kh7 34. Bd3+ Kg8 35. Bc4 Kh7 36. Bd3+ Kg8 37. Bc4 1/2-1/2

[Event "Early-Titled-Tuesday-Blitz-June-18-2024"]
[Site "Chess.com"]
[Date "2024.06.18"]
[Round "3"]
[White "Mikozovna"]
[Black "falzehope0"]
[Result "0-1"]
[WhiteElo "2619"]
[BlackElo "2449"]
[TimeControl "180+1"]
[EndTime "8:28:59 PDT"]
[Termination "falzehope0 won by resignation"]

1. Nf3 e6 2. c4 d5 3. e3 f5 4. b3 Nf6 5. Bb2 Bd6 6. Be2 O-O 7. Qc2 c6 8. d3 Nbd7 9. Nbd2 a6 10. a3 Qe7 11. b4 e5 12. Nb3 e4 13. Nfd4 Ne5 14.
O-O-O Bd7 15. Kb1 Neg4 16. Bxg4 Nxg4 17. h3 Ne5 18. dxe4 fxe4 19. c5 Bc7 20. Rdf1 Nd3 21. Bc3 b6 22. cxb6 Bxb6 23. Nc1 Ne5 24. f4 Nc4 25.
Qb3 Nxe3 26. Re1 Nc4 27. Rhf1 a5 28. Nc2 axb4 29. axb4 Be6 30. Ne2 d4 31. Nexd4 Bxd4 32. Nxd4 Na3+ 33. Kb2 Bxb3 34. Kxb3 Nb5 35. Nxb5 Qf7+ 0-1

[Event "Early-Titled-Tuesday-Blitz-June-18-2024"]
[Site "Chess.com"]
[Date "2024.06.18"]
[Round "3"]
[White "Moon_stone123"]
[Black "Shivananda1964"]
[Result "1-0"]
[WhiteElo "2622"]
[BlackElo "2388"]
[TimeControl "180+1"]
[EndTime "8:29:00 PDT"]
[Termination "Moon_stone123 won by resignation"]

1. e4 Nc6 2. Nc3 e5 3. Nf3 g6 4. d4 exd4 5. Nxd4 Bg7 6. Be3 Nf6 7. Be2 O-O 8. O-O Re8 9. Nxc6 bxc6 10. Bf3 Qe7 11.
Re1 a5 12. Qd2 Bb7 13. Bh6 d6 14. Bxg7 Kxg7 15. h4 Qe5 16. g3 h6 17. Kg2 a4 18.
a3 Bc8 19. Rad1 Be6 20. Qd4 Qa5 21. e5 dxe5 22. Qe3 Qb6 23. Qxb6 cxb6 24. Bxc6 Rec8 25. Bxa8 Rxa8 26. Rxe5 Rc8 27. Rb5 Rc6 28. Rb4 Nd7 29. Rxa4 Ne5 30. Rb4 Nc4 31. Rd3 Ne5 32. Re3 Bf5 33.
Rxe5 1-0

[Event "Early-Titled-Tuesday-Blitz-June-18-2024"]
[Site "Chess.com"]
[Date "2024.06.18"]
[Round "3"]
[White "DanyKopy"]
[Black "SujanaLohani"]
[Result "1-0"]
[WhiteElo "2562"]
[BlackElo "2258"]
[TimeControl "180+1"]
[EndTime "8:29:01 PDT"]
[Termination "DanyKopy won by checkmate"]

1. Nf3 Nf6 2. c4 g6 3. Nc3 Bg7 4. g3 O-O 5. Bg2 d5 6. cxd5 Nxd5 7. O-O c5 8. Nxd5 Qxd5 9. d3 Nc6 10. Be3 Qd6 11.
Rc1 Bxb2 12. Rxc5 Bg7 13. Qb3 Rb8 14. Rfc1 Be6 15. Qa4 Rbc8 16. Qh4 Bf5 17. Ng5 h6 18. Ne4 Bxe4 19. Bxe4 g5 20. Qh3 e6 21. Bxg5 f5 22.
Bf4 e5 23. Bxf5 Rxf5 24. Qxf5 Rf8 25. Bxe5 Nxe5 26. Qe4 Qf6 27. f4 Ng4 28. Rc7 Qb6+ 29.
R1c5 Qb1+ 30. Kg2 Qe1 31. Qe6+ Kh8 32. Qxg4 Re8 33. Qxg7# 1-0